 Dungeon Crawl Stone Soup version 0.26-a0-1013-gf6ffb0d6bd (console) character file.

Game seed: 17756623005204792321

447317 jejorda2 the Tortoise (level 25, 0/185 HPs)
             Began as a Halfling Berserker on Dec 6, 2020.
             Was a High Priest of Trog.
             Hit by a large rock thrown by a stone giant (25 damage)
             ... on level 5 of the Vaults on Dec 7, 2020.
             The game lasted 04:40:02 (62965 turns).

jejorda2 the Tortoise (Halfling Berserker)         Turns: 62965, Time: 04:40:03

Health: 0/185      AC: 47    Str: 25    XL:     25   Next: 6%
Magic:  23/23      EV: 18    Int:  9    God:    Trog [*****.]
Gold:   4067       SH:  5    Dex: 18    Spells: 24/24 levels left

rFire    + + .     SeeInvis +   b - +10 fustibalus {speed, Stlth+}
rCold    + . .     Faith    .   (shield restricted)
rNeg     . . .     Spirit   .   V - +8 orange crystal plate armour {Archmagi, Int+3 Clar}
rPois    +         Reflect  +   x - +2 helmet {SInv}
rElec    +         Harm     .   Q - +2 cloak {rCorr}
rCorr    +         Rampage  .   f - +3 pair of gauntlets of War {Slay+5}
Will     +....     Clarity  +   O - +2 pair of boots {Stlth+}
Stlth    ..........             k - amulet "Goaleasu" {Reflect +Inv rF++ SH+5}
HPRegen  0.40/turn              c - ring of protection from cold
MPRegen  0.18/turn              Y - ring "Nurghetu" {rElec rPois AC-4}

@: drained
A: small, mutation resistance 1
}: 3/15 runes: serpentine, barnacled, silver
a: Berserk, Trog's Hand, Brothers in Arms, Renounce Religion, Evoke Invisibility


You were on level 5 of the Vaults.
You worshipped Trog.
Trog was extremely pleased with you.
You visited 7 branches of the dungeon, and saw 39 of its levels.
You visited the Abyss 1 time.
You also visited: Ossuary, Bailey, Gauntlet, Ice Cave and Volcano.

You collected 5663 gold pieces.
You spent 1596 gold pieces at shops.

Inventory:

Hand Weapons
 a - the +11 double sword "Mumudis" {flame, rElec rPois}
   (Trog gifted it to you on level 3 of the Elven Halls)

   It has been specially enchanted to burn those struck by it, causing extra
   injury to most foes and up to half again as much damage against particularly
   susceptible opponents.
   Big, fiery blades are also staple armaments of hydra-hunters.
   It insulates you from electricity.
   It protects you from poison.
 b - the +10 fustibalus of Rotten Indomitability (weapon) {speed, Stlth+}
   (You acquired it on level 3 of the Snake Pit)

   Attacks with this weapon are significantly faster.
   It makes you more stealthy.
 w - a +6 antimagic demon blade
Missiles
 h - 673 stones
 u - 233 sling bullets (quivered)
 B - 8 curare-tipped darts
 M - 24 boomerangs of dispersal
Armour
 f - the +3 pair of gauntlets of War (worn) {Slay+5}
   (You acquired it on level 3 of the Elven Halls)

   It affects your accuracy and damage with ranged weapons and melee attacks
   (+5).
 x - a +2 helmet of see invisible (worn)
 O - a +2 pair of boots of stealth (worn)
 Q - a +2 cloak of preservation (worn)
 V - the +8 orange crystal plate armour (worn) {Archmagi, Int+3 Clar}
   (You found it on level 4 of the Shoals)

   It affects your intelligence (+3).
   It protects you against confusion.
Jewellery
 c - a ring of protection from cold (left hand)
 k - the amulet "Goaleasu" (around neck) {Reflect +Inv rF++ SH+5}
   (You found it in a Gauntlet)

   [amulet of reflection]

   It shields you and reflects attacks.
   It greatly protects you from fire.
   It lets you turn invisible.
   It affects your SH (+5).
 z - a ring of the Octopus King {rN+ AC+1 EV+1 Str+1 Int+1 Dex+1}
   (You took it off a deep elf mage on level 5 of the Vaults)

   [ring of positive energy]

   It affects your AC (+1).
   It affects your evasion (+1).
   It affects your strength (+1).
   It affects your intelligence (+1).
   It affects your dexterity (+1).
   It protects you from negative energy.
 U - an uncursed ring of flight
 Y - the ring "Nurghetu" (right hand) {rElec rPois AC-4}
   (You found it on level 3 of the Elven Halls)

   [ring of protection]

   It affects your AC (-4).
   It insulates you from electricity.
   It protects you from poison.
Wands
 j - a wand of iceblast (26)
 p - a wand of digging (16)
 y - a wand of paralysis (31)
 D - a wand of polymorph (16)
 E - a wand of flame (82)
 N - a wand of acid (34)
 R - a wand of enslavement (17)
Scrolls
 d - 6 scrolls of magic mapping
 g - a scroll of summoning
 i - 19 scrolls of teleportation
 r - 19 scrolls of remove curse
 F - 13 scrolls of identify
 G - 3 scrolls of fear
 J - 3 scrolls of fog
 P - a scroll of silence
 S - 2 scrolls of blinking
Potions
 e - 2 potions of magic
 l - 8 potions of haste
 o - 6 potions of mutation
 s - 11 potions of curing
 t - 9 potions of flight
 v - a potion of invisibility
 A - 5 potions of cancellation
 I - 9 potions of attraction
 L - 5 potions of might
 T - a potion of resistance
Miscellaneous
 n - a lightning rod (4/4)
 H - a phial of floods
 K - a box of beasts
 W - a condenser vane
 X - a tin of tremorstones (2/2)


   Skills:
 + Level 18.9(18.0) Fighting
 - Level 16.3(15.4) Long Blades
 - Level 14.0(13.1) Slings
 + Level 20.9(20.0) Armour
 + Level 16.2(15.3) Dodging
 - Level 4.0(3.3) Stealth
 - Level 19.3(18.3) Evocations


You had 24 spell levels left.
You didn't know any spells.
Your spell library was empty.

Dungeon Overview and Level Annotations

Branches:
Dungeon (15/15)            Temple (0/1) D:6            Lair (6/6) D:10
 Shoals (4/4) Lair:4        Snake (4/4) Lair:3        Slime (0/5) Lair:5
    Orc (2/2) D:10            Elf (3/3) Orc:2        Vaults (5/5) D:13
  Crypt (0/3) Vaults:3     Depths (0/5) D:15        Ossuary (visited)
 Bailey (visited)           IceCv (visited)         Volcano (visited)
Gauntlet (visited)

Altars:
Cheibriados
Dithmenos
Gozag
Hepliaklqana
Kikubaaqudgha
Ru
Trog
Vehumet
Wu Jian
Yredelemnul
Beogh

Shops:
Orc:2 (*=[   Snake:1 ?   Snake:2 *}   Vaults:3 (

Portals:
Trove: D:12 (give 7 scrolls of fog)

Annotations:
Elf:2 1 runed translucent door, Nuulonny's ghost, journeyman MiHu


Innate Abilities, Weirdness & Mutations

You are small and have problems with some larger weapons.
You are somewhat resistant to further mutation.


Message History

You escape the tentacled monstrosity's grasp.
As you read the scroll of blinking, it crumbles to dust.
A stone giant comes into view.
The vault guard shouts!
The stone giant shouts!
You hear a deafening roar!
A sphinx comes into view.
You block the vault guard's attack.
The stone giant throws a large rock.
The large rock closely misses you.
A dire elephant comes into view.
The dire elephant trumpets!
You hear a deafening roar!
The vault guard hits you but does no damage.
The stone giant throws a large rock.
The large rock hits you!!
* * * LOW HITPOINT WARNING * * *
You see here a large rock.
The stone giant throws a large rock.
The large rock hits you.
* * * LOW HITPOINT WARNING * * *
You see here a large rock.
The sphinx mumbles some strange words.
You resist with some effort.
The stone giant throws a large rock.
The large rock hits you!!
You die...

#....# #.(##$ #.C..#
#####.....
#X...#.##...#.... ##
#(T9.#?.....#...# ..
#p...# ...pc##..##
....#(...# #pp##...#
####..#(...#####ppp[...#
......#pHC.#...pXp)....#
.......@.......pp9p##..#
######........###########
$..........Y....
.........<<.....
.?......<..<....
.........<<.....
######.........#
#...........
#...#.pp....#


You could see a tentacled monstrosity, a dire elephant, a sphinx, a stone giant,
2 vault guards, an ettin (strong), a deep troll and a war gargoyle.

Vanquished Creatures
  Saint Roka (Elf:3)
  Vashnia (Snake:3)
  A bone dragon (Abyss:4)
  A lich (Vaults:3)
  2 tentacled monstrosities (Vaults:5)
  A quicksilver dragon (Vaults:5)
  2 deep elf blademasters (Elf:3)
  A tentacled starspawn (Abyss:4)
  2 deep elf master archers (Elf:3)
  4 titans (Vaults:5)
  A kraken (Shoals:4)
  A tengu reaver (Vaults:3)
  4 shadow dragons (Vaults:5)
  4 sphinxes
  3 storm dragons (Vaults:5)
  Roxanne (Snake:2)
  Ilsuiw (Shoals:3)
  14 nagarajas
  2 fire giants
  9 vault wardens
  An orc warlord (Orc:1)
  An iron dragon (Vaults:5)
  Aizul (Snake:1)
  9 deep elf sorcerers (Elf:3)
  4 deep elf elementalists
  7 very ugly things
  11 ironheart preservers
  9 stone giants
  6 deep elf demonologists
  9 deep elf annihilators
  An entropy weaver (Vaults:3)
  Azrael (D:13)
  A minotaur (Gauntlet)
  4 ettins
  A blizzard demon (IceCv)
  7 deep elf death magi
  6 merfolk javelineers
  5 merfolk impalers
  6 yaktaur captains
  Josephine (Orc:2)
  A fire dragon (Vaults:3)
  3 great orbs of eyes
  Fannar (Lair:3)
  Harold (D:7)
  3 deep elf high priests
  13 vault guards
  3 ice dragons
  16 naga warriors
  10 hydras
  19 anacondas
  2 merfolk aquamancers
  2 rakshasas (Vaults:2)
  6 boulder beetles
  8 merfolk avatars
  A catoblepas (Lair:5)
  An alligator (shapeshifter) (Vaults:4)
  A satyr (Shoals:4)
  17 centaur warriors
  18 two-headed ogres
  7 ogre magi
  4 death yaks (Gauntlet)
  Erica (D:10)
  2 death knights
  6 deep troll earth magi
  3 orc high priests
  23 dancing weapons
  10 shock serpents
  A hell hog (Volcano)
  A thrashing horror (Abyss:4)
  6 deep troll shamans
  A tengu warrior (D:13)
  11 naga sharpshooters
  21 deep elf knights
  A fire crab (Volcano)
  3 salamander mystics
  2 spatial maelstroms (Abyss:4)
  2 shadow wraiths
  A skeletal warrior (Vaults:2)
  16 deep trolls
  7 wizards
  3 flayed ghosts
  15 sea snakes
  An unseen horror (D:12)
  12 ironbrand convokers
  3 glowing orange brains (Vaults:1)
  9 naga ritualists
  A harpy (shapeshifter) (D:15)
  A lindwurm (Lair:6)
  12 deep elf archers
  10 orc knights
  A phantasmal warrior (D:13)
  3 wolf spiders
  23 ugly things
  16 harpies
  An oklob plant (Lair:5)
  8 orc sorcerers
  6 mana vipers
  11 manticores
  49 deep elf magi
  4 fauns (Shoals:4)
  14 salamanders
  5 cyclopes
  17 guardian serpents
  38 black mambas
  7 merfolk sirens
  12 elephants
  2 water nymphs (Shoals:4)
  2 ice statues (IceCv)
  11 vault sentinels
  3 molten gargoyles
  An eye of devastation (Abyss:4)
  12 naga magi
  A torpor snail (Gauntlet)
  19 cane toads
  2 gargoyles
  Maggie (D:6)
  10 freezing wraiths
  A rime drake (Lair:6)
  49 yaktaurs
  3 efreet
  7 komodo dragons
  14 ice devils (IceCv)
  4 tengu conjurers
  9 trolls
  8 wind drakes
  4 large abominations
  2 ancient zymes (Abyss:4)
  5 polar bears
  19 merfolk
  4 hornets
  A tyrant leech (shapeshifter) (Elf:1)
  14 raiju (Abyss:4)
  19 blink frogs
  17 slime creatures
  Grinder (D:6)
  11 dream sheep
  8 snapping turtles
  2 redbacks (Vaults:3)
  A ynoxinul (Abyss:4)
  10 water elementals
  12 spriggans (Lair:6)
  An air elemental (Elf:1)
  5 wyverns
  10 fire bats (Volcano)
  8 wraiths
  7 starcursed masses (Abyss:4)
  2 vampires (D:13)
  A shadow (D:14)
  38 yaks
  4 basilisks
  6 fire elementals
  2 small abominations (Abyss:4)
  6 vampire mosquitoes
  A chaos spawn (Abyss:4)
  4 steam dragons
  A neqoxec (Abyss:4)
  A soldier ant (D:9)
  4 wargs
  3 hell hounds
  A spatial vortex (Abyss:4)
  7 acid dragons
  63 nagas
  Duvessa (D:7)
  10 water moccasins
  2 sky beasts
  An eye of draining (D:11)
  53 orc warriors
  2 eyes of draining (shapeshifter)
  9 ice beasts
  3 phantoms
  8 black bears
  A black bear (shapeshifter) (D:14)
  A necrophage (D:8)
  A hornet zombie (D:15)
  37 wolves
  8 boggarts
  26 ogres
  32 centaurs
  19 bullfrogs
  7 big kobolds
  Blork the orc (D:5)
  4 earth elementals
  An ogre simulacrum (Vaults:1)
  A gnoll sergeant (D:10)
  9 scorpions
  4 wyvern skeletons
  Dowan (D:7)
  7 killer bees
  19 wights
  An electric eel (Snake:2)
  3 howler monkeys
  A crimson imp (D:12)
  A bullfrog zombie (D:7)
  A human simulacrum (Vaults:2)
  7 lava snakes (Volcano)
  A quasit (D:5)
  6 hounds
  5 centaur zombies
  A human zombie (Ossuary)
  12 centaur skeletons
  3 jellies
  22 orc priests
  28 orc wizards
  18 worker ants
  5 iguanas
  2 killer bee zombies
  A hound zombie (Ossuary)
  4 mummies (Ossuary)
  15 gnolls
  13 adders
  A shadow imp (D:6)
  5 white imps
  9 ufetubi
  2 oozes
  2 adder zombies (Ossuary)
  2 worms
  2 dart slugs (D:1)
  8 leopard geckos
  94 orcs
  An orc (shapeshifter) (Vaults:5)
  2 ball pythons
  9 bats
  4 giant cockroaches
  3 gnoll zombies (Ossuary)
  6 hobgoblins
  12 jackals
  43 kobolds
  6 quokkas
  6 frilled lizards
  13 goblins
  A goblin zombie (Ossuary)
  2 hobgoblin zombies (Ossuary)
  A kobold zombie (Ossuary)
  A leopard gecko skeleton (D:8)
  An orc zombie (Ossuary)
  2 quokka skeletons
  10 rats
  2 crawling corpses (Elf:3)
  2 tentacles (Shoals:4)
1818 creatures vanquished.

Vanquished Creatures (collateral kills)
  A golden dragon (Vaults:5)
  2 nagarajas (Snake:4)
  A vault warden (Vaults:2)
  The ghost of snackwell the Warrior, a journeyman DsAK of Lugonu (D:13)
  2 ironheart preservers (Vaults:2)
  A war gargoyle (Vaults:5)
  A stone giant (Vaults:2)
  An entropy weaver (Vaults:4)
  A merfolk impaler (Shoals:3)
  A catoblepas (Gauntlet)
  A vault guard (Vaults:5)
  3 two-headed ogres
  A dancing weapon (Elf:2)
  A hell hog (Abyss:4)
  Urug (D:10)
  A death yak (Gauntlet)
  A wretched star (Abyss:4)
  A deep elf knight (Elf:2)
  2 skeletal warriors (Vaults:2)
  2 orc knights
  An ugly thing (Vaults:2)
  2 manticores (Shoals:3)
  A black mamba (Lair:6)
  A molten gargoyle (Gauntlet)
  A guardian serpent (Snake:4)
  2 gargoyles (Gauntlet)
  2 yaktaurs
  A troll (Vaults:2)
  2 raiju (Abyss:4)
  A warg (Orc:1)
  2 nagas (Snake:4)
  4 orc warriors
  An ice beast (Abyss:4)
  An ogre (D:10)
  3 orc priests
  3 orc wizards (Orc:1)
  4 orcs
  A kobold (D:10)
59 creatures vanquished.

Vanquished Creatures (others)
  2 deep elf knights
  An unseen horror (D:15)
  A blink frog (Lair:3)
  An orc warrior (Vaults:5)
  A boggart (Vaults:2)
  3 white imps (IceCv)
  5 ufetubi (IceCv)
  36 fungi
  91 plants
  9 tentacles (Shoals:4)
150 creatures vanquished.

Grand Total: 2027 creatures vanquished

Notes
Turn   | Place    | Note
-------+----------+-------------------------------------------
     0 | D:1      | jejorda2 the Halfling Berserker began the quest for the
                  | Orb.
     0 | D:1      | Reached XP level 1. HP: 15/15 MP: 1/1
   214 | D:1      | Reached XP level 2. HP: 20/20 MP: 2/2
   280 | D:1      | Reached XP level 3. HP: 21/25 MP: 3/3
   898 | D:2      | Reached ** piety under Trog
   959 | D:2      | Reached XP level 4. HP: 25/31 MP: 4/4
  1166 | D:2      | Reached skill level 3 in Armour
  1510 | D:2      | Found a shadowy altar of Dithmenos.
  1730 | D:2      | Reached XP level 5. HP: 36/36 MP: 5/5
  2559 | D:3      | Reached *** piety under Trog
  2698 | D:3      | Noticed an ice beast
  2717 | D:3      | Killed an ice beast
  2718 | D:3      | Reached skill level 5 in Long Blades
  2718 | D:3      | Reached XP level 6. HP: 43/43 MP: 6/6
  3534 | D:4      | Reached skill level 1 in Slings
  3601 | D:4      | Reached skill level 4 in Armour
  3665 | D:4      | Reached XP level 7. HP: 21/48 MP: 7/7
  4077 | D:4      | Got a jewelled quarterstaff
  4078 | D:4      | Identified the +5 quarterstaff of the Doomed Warrior {vamp,
                  | Dex+2} (You found it on level 4 of the Dungeon)
  4349 | D:4      | Found a sacrificial altar of Ru.
  4782 | D:5      | Entered Level 5 of the Dungeon
  4790 | D:5      | Found a sand-covered staircase.
  4842 | D:5      | Noticed Blork the orc
  4914 | D:5      | Killed Blork the orc
  4915 | D:5      | Reached XP level 8. HP: 54/54 MP: 8/8
  4943 | Ossuary  | Entered an ossuary
  4965 | Ossuary  | Reached **** piety under Trog
  5260 | Ossuary  | Reached skill level 5 in Slings
  5334 | Ossuary  | Got a warped trident
  5335 | Ossuary  | Identified the +3 trident of the Saviour {protect, rF+}
                  | (You found it in an ossuary)
  5624 | D:5      | Reached skill level 5 in Armour
  6359 | D:6      | Found a staircase to the Ecumenical Temple.
  6381 | D:6      | Noticed Grinder
  6403 | D:6      | Killed Grinder
  6404 | D:6      | Reached skill level 5 in Fighting
  6496 | D:6      | Noticed Maggie
  6516 | D:6      | Killed Maggie
  6517 | D:6      | Reached XP level 9. HP: 36/61 MP: 9/9
  6606 | D:6      | Reached skill level 10 in Slings
  7346 | D:6      | Reached ***** piety under Trog
  7791 | D:7      | Found a hazy altar of Hepliaklqana.
  7957 | D:7      | Reached XP level 10. HP: 66/66 MP: 10/10
  8533 | D:7      | Noticed Harold
  8898 | D:7      | Noticed Duvessa
  8898 | D:7      | Noticed Dowan
  8903 | D:7      | Killed Dowan
  8916 | D:7      | Killed Duvessa
  8925 | D:7      | Killed Harold
  8926 | D:7      | Reached skill level 10 in Long Blades
  9046 | D:7      | Found a snail-covered altar of Cheibriados.
  9333 | D:7      | Reached skill level 1 in Evocations
 10322 | D:8      | Received a gift from Trog
 11031 | D:9      | Reached XP level 11. HP: 71/71 MP: 11/11
 11510 | D:10     | Entered Level 10 of the Dungeon
 11571 | D:10     | Noticed Urug
 11582 | D:10     | Killed Urug
 11595 | D:10     | Got a fine scale mail
 11816 | D:9      | Identified the +6 scale mail of the Boiling Point {rF+ rC-
                  | MP+9 Str+4} (You found it on level 10 of the Dungeon)
 12758 | D:10     | Noticed Erica
 12774 | D:10     | Killed Erica
 13281 | D:10     | Found a staircase to the Orcish Mines.
 13415 | D:10     | Found a staircase to the Lair.
 14109 | D:11     | Noticed a red ugly thing
 14133 | D:11     | Killed a red ugly thing
 14604 | D:11     | Reached ****** piety under Trog
 14715 | D:11     | Noticed a boulder beetle
 14740 | D:11     | Killed a boulder beetle
 14741 | D:11     | Reached XP level 12. HP: 29/77 MP: 12/12
 15227 | Lair:1   | Entered Level 1 of the Lair of Beasts
 15233 | Lair:1   | Received a gift from Trog
 15278 | Lair:1   | Found a gate leading to a gauntlet.
 15420 | Gauntlet | Entered a Gauntlet
 15420 | Gauntlet | Found a transporter.
 15432 | Gauntlet | Found a transporter.
 15434 | Gauntlet | Noticed a catoblepas
 15452 | Gauntlet | Found a transporter.
 15455 | Gauntlet | Noticed a death yak
 15456 | Gauntlet | Found a transporter.
 15456 | Gauntlet | Noticed a death yak
 15456 | Gauntlet | Noticed a death yak
 15456 | Gauntlet | Noticed a death yak
 15457 | Gauntlet | Noticed a death yak
 15472 | Gauntlet | Found a transporter.
 15484 | Gauntlet | Found a runed translucent gate.
 15485 | Gauntlet | Found a transporter.
 15485 | Gauntlet | Found a runed translucent gate.
 15486 | Gauntlet | Found a runed translucent gate.
 15494 | Gauntlet | Noticed a dire elephant
 15496 | Gauntlet | Noticed a catoblepas
 15498 | Gauntlet | Found a transporter.
 15515 | Gauntlet | Found a transporter.
 15519 | Gauntlet | Found a transporter.
 15519 | Gauntlet | Noticed a dire elephant
 15527 | Gauntlet | Found a transporter.
 15548 | Gauntlet | Found a transporter.
 15552 | Gauntlet | Found a transporter.
 15670 | Gauntlet | Killed a catoblepas
 15691 | Gauntlet | Got a heavily runed pewter amulet
 15692 | Gauntlet | Identified the amulet "Goaleasu" {Reflect +Inv rF++ SH+5}
                  | (You found it in a Gauntlet)
 15742 | Gauntlet | Killed a death yak
 15744 | Gauntlet | Killed a death yak
 15745 | Gauntlet | Reached skill level 15 in Long Blades
 15754 | Gauntlet | Killed a death yak
 15756 | Gauntlet | Killed a death yak
 15766 | Gauntlet | Killed a death yak
 16008 | Gauntlet | Noticed a minotaur
 16021 | Gauntlet | Killed a minotaur
 16261 | Lair:1   | Noticed an eight-headed hydra
 16272 | Lair:1   | Killed a six-headed hydra
 16273 | Lair:1   | Reached XP level 13. HP: 72/81 MP: 13/13
 17918 | Lair:3   | Reached skill level 6 in Armour
 18044 | Lair:3   | Noticed an eight-headed hydra
 18055 | Lair:3   | Killed a seven-headed hydra
 18111 | Lair:3   | Noticed Fannar
 18130 | Lair:3   | Killed Fannar
 18131 | Lair:3   | Reached skill level 5 in Dodging
 18228 | Lair:3   | Found a staircase to the Snake Pit.
 18250 | Lair:3   | Reached skill level 7 in Armour
 18644 | Lair:3   | Received a gift from Trog
 18728 | Lair:3   | Found an ornate altar of the Wu Jian Council.
 19220 | Lair:4   | Found a staircase to the Shoals.
 19643 | Lair:5   | Reached XP level 14. HP: 95/95 MP: 14/14
 19701 | Lair:5   | Found a dark tunnel.
 19724 | Volcano  | Entered a volcano
 19825 | Volcano  | Reached skill level 8 in Armour
 19957 | Volcano  | Found a bloodstained altar of Trog.
 20878 | Lair:5   | Found a staircase to the Slime Pits.
 20935 | Lair:5   | Received a gift from Trog
 21635 | Lair:6   | Entered Level 6 of the Lair of Beasts
 22194 | Lair:6   | Reached skill level 10 in Fighting
 22319 | Lair:6   | Reached skill level 9 in Armour
 22320 | Lair:6   | Reached skill level 5 in Evocations
 22694 | Lair:6   | Reached XP level 15. HP: 87/104 MP: 15/15
 22801 | Lair:6   | Received a gift from Trog
 23879 | D:12     | Found a flagged portal.
 23892 | Bailey   | Entered a bailey
 24666 | D:12     | Reached skill level 10 in Armour
 24732 | D:12     | Received a gift from Trog
 24827 | D:12     | Found a portal to a secret trove of treasure.
 25893 | D:13     | Noticed Azrael
 25907 | D:13     | Killed Azrael
 25924 | D:13     | Got a masterwork plate armour
 25958 | D:12     | Identified the +6 plate armour of Insecurity {Str+3} (You
                  | found it on level 13 of the Dungeon)
 26382 | D:13     | Found a runed translucent gate.
 26383 | D:13     | Found a runed translucent gate.
 26384 | D:13     | Found a runed translucent gate.
 26387 | D:13     | Identified the +10 quarterstaff "Iliseh" {flame, WL- MP+9
                  | Dex+3}
 26388 | D:13     | Noticed snackwell's ghost (journeyman DsAK)
 26388 | D:13     | Identified the +1 shadow dragon scales "Gawar" {rCorr Dex+2
                  | Stlth++++}
 26393 | D:13     | Found a roughly hewn altar of Beogh.
 26402 | D:13     | Identified the +3 chain mail "Wuucw" {rC- Regen+ rCorr
                  | Dex-3}
 26418 | D:13     | Received a gift from Trog
 26433 | D:13     | Killed snackwell's ghost
 26699 | D:13     | Reached XP level 16. HP: 67/114 MP: 16/16
 27159 | D:13     | Found a gate to the Vaults.
 27465 | D:13     | Found an opulent altar of Gozag.
 27594 | Orc:1    | Entered Level 1 of the Orcish Mines
 27609 | Orc:1    | Received a gift from Trog
 28119 | Orc:2    | Entered Level 2 of the Orcish Mines
 28297 | Orc:2    | Found a staircase to the Elven Halls.
 28553 | Orc:2    | Received a gift from Trog
 28564 | Orc:2    | Found a roughly hewn altar of Beogh.
 29051 | Orc:1    | Reached skill level 11 in Armour
 29051 | Orc:1    | Reached skill level 10 in Evocations
 29174 | Orc:2    | Found Izxuac's Antique Armour Shoppe.
 29291 | Orc:2    | Noticed Josephine
 29298 | Orc:2    | Killed Josephine
 29357 | Orc:2    | Found Cocimodu's General Store.
 29378 | Orc:2    | Found Metug's Antique Weapon Shoppe.
 29448 | Orc:2    | Found Nefoeb's Jewellery Shoppe.
 29520 | Orc:2    | Found a roughly hewn altar of Beogh.
 29805 | Orc:2    | Bought the amulet of Vitality {Regen+ HP+15} for 948 gold
                  | pieces
 29805 | Orc:2    | Found the amulet of Vitality {Regen+ HP+15}
 29833 | Orc:2    | Bought a +2 pair of gloves of strength for 258 gold pieces
 30000 | D:14     | Reached skill level 1 in Stealth
 30750 | D:15     | Entered Level 15 of the Dungeon
 30902 | D:15     | Noticed a fire giant
 30929 | D:15     | Found a staircase to the Depths.
 30941 | D:15     | Killed a fire giant
 31121 | D:15     | Reached XP level 17. HP: 122/122 MP: 17/17
 31384 | D:15     | Reached skill level 12 in Armour
 31963 | Shoals:1 | Entered Level 1 of the Shoals
 32370 | Shoals:1 | You fall into a shaft and drop 1 floor!
 33845 | Shoals:3 | Noticed Ilsuiw
 33857 | Shoals:3 | Killed Ilsuiw
 33939 | Shoals:3 | Received a gift from Trog
 34669 | Shoals:4 | Entered Level 4 of the Shoals
 34741 | Shoals:4 | Reached skill level 13 in Armour
 35122 | Shoals:4 | Found the +8 orange crystal plate armour {Archmagi, Int+3
                  | Clar}
 35405 | Shoals:4 | Reached XP level 18. HP: 131/131 MP: 16/18
 35495 | Shoals:4 | Noticed a kraken
 36239 | Shoals:4 | Killed a kraken
 36542 | Shoals:4 | Reached skill level 14 in Armour
 36697 | Shoals:4 | Got a glimmering falchion
 36698 | Shoals:4 | Identified the +0 falchion of Dufeyciu {speed, Int+5} (You
                  | found it on level 4 of the Shoals)
 36888 | Shoals:4 | Got a barnacled rune of Zot
 37510 | Orc:2    | Bought the ring "Huxuq" {rElec rN+ rCorr Int-5 Stlth+} for
                  | 366 gold pieces
 37896 | Elf:1    | Entered Level 1 of the Elven Halls
 37956 | Elf:1    | Received a gift from Trog
 39131 | Elf:2    | Reached skill level 15 in Armour
 39307 | Elf:2    | Found a runed translucent door.
 39335 | Elf:2    | Noticed Nuulonny's ghost (journeyman MiHu)
 39489 | Elf:2    | Identified a scroll of acquirement
 39489 | Elf:2    | Acquired a manual of Evocations
 39703 | Elf:2    | Found a runed translucent gate.
 39703 | Elf:2    | Found a runed translucent gate.
 39703 | Elf:2    | Found a runed translucent gate.
 39731 | Elf:2    | Reached XP level 19. HP: 137/137 MP: 19/19
 39847 | Elf:2    | Received a gift from Trog
 40220 | Elf:3    | Entered Level 3 of the Elven Halls
 40466 | Elf:3    | Cast into level 4 of the Abyss (a deep elf sorcerer)
 40679 | Abyss:4  | Reached skill level 15 in Evocations
 40784 | Abyss:4  | Noticed a bone dragon
 40800 | Abyss:4  | Killed a bone dragon
 40871 | Elf:3    | Escaped the Abyss
 41097 | Elf:3    | Acquired the +3 pair of gauntlets of War {Slay+5}
 41098 | Elf:3    | Found the +3 pair of gauntlets of War {Slay+5}
 41415 | Elf:3    | Noticed a deep elf blademaster
 41426 | Elf:3    | Killed a deep elf blademaster
 41440 | Elf:3    | Noticed a deep elf blademaster
 41441 | Elf:3    | Noticed an Ice Fiend
 41715 | Elf:2    | Received a gift from Trog
 42308 | Elf:3    | Noticed a Tzitzimitl
 42311 | Elf:3    | Killed a deep elf blademaster
 42313 | Elf:3    | Reached XP level 20. HP: 99/144 MP: 20/20
 42324 | Elf:3    | Received a gift from Trog
 42324 | Elf:3    | Noticed Saint Roka
 42932 | Elf:3    | Killed Saint Roka
 43099 | Elf:3    | Identified the +2 war axe of Wariness {vamp, +Blink rElec
                  | Dex-2}
 43242 | Elf:3    | Identified the +5 morningstar of the Spider Nest {distort,
                  | +Rage rF++ Int-5}
 43242 | Elf:3    | Identified the +0 acid dragon scales of Card Tricks {Regen+
                  | rCorr Str+3}
 43242 | Elf:3    | Identified the ring "Zunwikk" {rPois WL+}
 43300 | Elf:3    | Reached skill level 16 in Armour
 43513 | Elf:3    | Identified the +3 chain mail of the Louse {WL+} (You found
                  | it on level 3 of the Elven Halls)
 43518 | Elf:3    | Got a serpentine granite ring
 43519 | Elf:3    | Identified the cursed ring "Nurghetu" {rElec rPois AC-4}
                  | (You found it on level 3 of the Elven Halls)
 43546 | Elf:3    | Identified the Papyrus of Damaging Air
 43549 | Elf:3    | Identified the cursed +1 chain mail of the Unbroken {*Slow
                  | +Fly rCorr SInv} (You found it on level 3 of the Elven
                  | Halls)
 43550 | Elf:3    | Identified the Incunabulum of Harmful Feathers
 43574 | Elf:3    | Identified the Grimoire of the Countless Tusks
 43942 | Snake:1  | Entered Level 1 of the Snake Pit
 44008 | Snake:1  | Reached skill level 15 in Fighting
 44439 | Snake:1  | Found Ruiff's Magic Scroll Shop.
 45113 | Snake:1  | Noticed Aizul
 45133 | Snake:1  | Killed Aizul
 45327 | Snake:1  | Upgraded the game from 0.26-a0-1002-g7355149c4d to
                  | 0.26-a0-1013-gf6ffb0d6bd
 45381 | Snake:2  | Received a gift from Trog
 46030 | Snake:2  | Found Jibibb's Gadget Shoppe.
 46550 | Snake:2  | Found Mayxougu's Assorted Antiques.
 46575 | Snake:2  | Bought a glowing blue potion for 24 gold pieces
 46832 | Snake:2  | Identified Roxanne's Grimoire of Moulding
 46832 | Snake:2  | Noticed Roxanne
 46854 | Snake:2  | Killed Roxanne
 47134 | Snake:3  | Noticed Vashnia
 47172 | Snake:3  | Reached XP level 21. HP: 107/152 MP: 21/21
 47186 | Snake:3  | Killed Vashnia
 47318 | Snake:3  | Found a frozen archway.
 47524 | IceCv    | Entered an ice cave
 47856 | IceCv    | Reached skill level 17 in Armour
 49026 | Snake:3  | Acquired the +10 fustibalus of Rotten Indomitability
                  | {speed, Stlth+}
 49560 | Snake:4  | Entered Level 4 of the Snake Pit
 49871 | Snake:4  | Received a gift from Trog
 50041 | Snake:4  | Reached skill level 10 in Dodging
 51162 | Snake:4  | Found a bloodstained altar of Trog.
 51556 | Snake:4  | Reached XP level 22. HP: 161/161 MP: 22/22
 51593 | Snake:4  | Received a gift from Trog
 52076 | Snake:4  | Reached skill level 18 in Armour
 52587 | Snake:4  | Received a gift from Trog
 52887 | Snake:4  | Got a serpentine rune of Zot
 53135 | Vaults:1 | Entered Level 1 of the Vaults
 54861 | Vaults:1 | Identified Moapsob's Compendium of Venomous Moulding
 55201 | Vaults:2 | Received a gift from Trog
 55814 | Vaults:2 | Reached XP level 23. HP: 163/169 MP: 23/23
 55816 | Vaults:2 | Received a gift from Trog
 56053 | Elf:3    | Got a faintly glowing double sword {god gift}
 56054 | Elf:3    | Identified the +11 double sword "Mumudis" {flame, rElec
                  | rPois} (Trog gifted it to you on level 3 of the Elven
                  | Halls)
 56438 | Vaults:2 | Reached skill level 19 in Armour
 57722 | Vaults:3 | Found a staircase to the Crypt.
 57722 | Vaults:3 | Found a basalt altar of Yredelemnul.
 57723 | Vaults:3 | Found an ancient bone altar of Kikubaaqudgha.
 58340 | Vaults:3 | Found Luddim's Weapon Shoppe.
 58366 | Vaults:3 | Received a gift from Trog
 58963 | Vaults:3 | Found a radiant altar of Vehumet.
 58964 | Vaults:3 | Found the +4 robe of Augmentation {Str+4 Int+4 Dex+4}
 59953 | Vaults:4 | Received a gift from Trog
 60099 | Vaults:4 | Reached XP level 24. HP: 173/177 MP: 23/23
 60268 | Vaults:4 | Reached skill level 20 in Armour
 60571 | Vaults:4 | Reached skill level 15 in Dodging
 61278 | Vaults:4 | Received a gift from Trog
 62057 | Vaults:5 | Entered Level 5 of the Vaults
 62287 | Vaults:5 | Identified a ring of the Octopus King {rN+ AC+1 EV+1 Str+1
                  | Int+1 Dex+1}
 62775 | Vaults:5 | Got a silver rune of Zot
 62797 | Vaults:5 | Got a heavily runed copper ring
 62798 | Vaults:5 | Identified the ring "Typogan" {AC+4 Dex+2} (You found it on
                  | level 5 of the Vaults)
 62878 | Vaults:5 | Reached XP level 25. HP: 185/185 MP: 23/23
 62965 | Vaults:5 | Hit by a large rock thrown by a stone giant

Illustrated notes

Levels and vault maps discovered:
D:1:      lightli_molten_gateway, layout_rooms
D:2:      minmay_chambers_of_ones, layout_basic, general_overflow_altar
D:3:      layout_basic
D:4:      layout_cave_pools, hangedman_ru_absence, nrook_mini_vaults
D:5:      layout_cave_pools, nicolae_ossuary_entry_false_entrances,
          uniq_blork_the_orc
D:6:      layout_basic, lemuel_temple_firewalk_b, uniq_maggie, uniq_grinder
D:7:      layout_cave_pods, marbit_many_paths, kennysheep_mini,
          minmay_tree_intersection, grunt_ministairs_13, kennysheep_nondescript,
          st_stairs_12, uniq_duvessa, uniq_harold
D:8:      layout_loops_ring
D:9:      layout_basic
D:10:     layout_gridville, grunt_lair_entry_orc_guard_hut, orc_0_dummy,
          minmay_fractal_squares_gapless_5, uniq_urug, uniq_erica
D:11:     layout_irregular_city, minivault_1
D:12:     layout_cave_pods, nicolae_trove_entry_isolated, enter_bailey_4,
          lightli_wizard_tower
D:13:     layout_basic, david_vaults_1, biasface_ghost_orc_armoury, basic_altar,
          uniq_azrael
D:14:     layout_cave_pools, hangedman_decor_riveting
D:15:     grunt_enter_depths_giant_problem, layout_irregular_city,
          minmay_misc_feat_diagonals
Lair:1:   layout_cave_pods, gauntlet_entry_generic
Lair:2:   layout_chaotic_city, grunt_megastairs_4
Lair:3:   layout_cave_pods, guppyfry_snake_entry_island, basic_altar,
          serial_bayou_pond_a, st_stairs_5, uniq_fannar
Lair:4:   layout_big_grid, elwin_shoals_entry_rocks
Lair:5:   layout_roguey, dpeg_slime_entry_corner,
          nicolae_volcano_entry_two_sided
Lair:6:   minmay_lair_end_enchanted_forest, layout_layer_cave
Shoals:1: layout_shoals, nicolae_shoals_stone_sculpture_thing
Shoals:2: layout_shoals
Shoals:3: layout_shoals, uniq_ilsuiw
Shoals:4: shoals_end_hangedman, layout_shoals
Snake:1:  layout_honeycomb, serial_shops, shop_scrolls, uniq_aizul
Snake:2:  layout_grid_shapes, drop_trap, st_stairs_12, grunt_ministairs_15,
          lemuel_fruit_tree, serial_bayou_shore_a, minmay_shoptagon,
          uniq_roxanne
Snake:3:  layout_honeycomb, portal_ice_cave_entry_dragon, drop_trap,
          st_stairs_9, hangedman_snake_corridor_split, uniq_vashnia
Snake:4:  grunt_snake_rune_serpentine_throne, layout_cave_town, basic_altar,
          st_stairs_4, drop_trap
Orc:1:    layout_caves
Orc:2:    grunt_orc_cross, layout_caves, basic_altar, uniq_josephine
Elf:1:    layout_loops_ring, hangedman_corner_corridor
Elf:2:    layout_gridlike, ebering_ghost_inner_flame
Elf:3:    elf_hall, layout_gridlike, uniq_saint_roka
Vaults:1: ontoclasm_vaults_ligature, v_misc_29, hangedman_vaults_slice,
          vaults_room_hangedman_quadrants, v_misc_23, v_misc_26,
          ontoclasm_vaults_chip, v_misc_9, nicolae_vaults_little_squares_1,
          ontoclasm_vaults_twist, vaults_room_fours, serial_ice_g,
          layout_vaults_chaotic_city
Vaults:2: ontoclasm_vaults_ring_small, nicolae_vaults_border_crossing,
          v_misc_25, vaults_room_stairs_pillars, vaults_mumra_lcd,
          ontoclasm_vaults_tryst, v_misc_8, ontoclasm_vaults_idyll, v_rooms_6,
          nicolae_vaults_angled_halls, layout_vaults_ring
Vaults:3: grunt_tower_of_power, nicolae_vaults_specimen_jars,
          nicolae_vaults_circle_grid_b, v_misc_13, v_misc_1,
          nicolae_vaults_arrows, nicolae_vaults_big_angled_halls,
          nicolae_vaults_what_the_h, vaults_mumra_minichess_inversion,
          vaults_room_door_ring, ontoclasm_vaults_decontamination,
          vaults_room_grid, minmay_crypt_entry_necro_gods, vaults_dpeg_hooks,
          layout_vaults_big_cross, serial_shops, nicolae_shop_behind_doors
Vaults:4: vaults_room_boxed, vaults_standard_mumra_lines,
          nicolae_vaults_yaktaur_gun_rack, nicolae_vaults_network_star,
          vaults_room_door_hall, nicolae_vaults_alarming,
          nicolae_vaults_little_squares_3, ontoclasm_vaults_bender,
          layout_vaults_maze_bifur
Vaults:5: serial_shops

Skill      XL: |  1  2  3  4  5  6  7  8  9 10 11 12 13 14 15 16 17 18 19 20 21 22 23 24 |
---------------+-------------------------------------------------------------------------+-----
Fighting       | 3 4 5 8 10 12 13 14 15 16 17 18 | 18.9
Long Blades    | 4 5 6 7 8 11 14 16 | 16.3
Armour         | 3 4 5 7 9 10 11 13 15 16 17 18 19 20 | 20.9
Slings         | 1 4 8 11 12 14 | 14.0
Evocations     | 3 4 5 9 10 12 13 18 19 | 19.3
Dodging        | 6 7 8 10 12 14 16 | 16.2
Stealth        | 4 |  4.0

Action                   |  1- 3 |  4- 6 |  7- 9 | 10-12 | 13-15 | 16-18 | 19-21 | 22-24 | 25-27 || total
-------------------------+-------+-------+-------+-------+-------+-------+-------+-------+-------++-------
Melee: Falchion          |    81 |   180 |    68 |       |       |       |       |       |       ||   329
       Long sword        |       |       |   287 |   432 |       |       |       |       |       ||   719
       Scimitar          |       |       |       |   157 |       |       |       |       |       ||   157
       Double sword      |       |       |       |    85 |   772 |  1000 |   887 |   718 |    24 ||  3486
       Demon blade       |       |       |       |       |       |       |   156 |    42 |       ||   198
 Fire: Hunting sling     |       |    12 |   120 |   309 |   115 |       |       |       |       ||   556
       Fustibalus        |       |       |       |       |   324 |   826 |   767 |   906 |     7 ||  2830
Invok: Berserk           |     1 |     5 |     9 |     7 |     1 |     5 |     2 |     2 |       ||    32
       Trog's Hand       |       |       |     3 |     6 |     5 |     6 |    13 |    12 |     1 ||    46
       Brothers in Arms  |       |       |       |     6 |     3 |     4 |     3 |     6 |     1 ||    23
 Abil: Evoke Flight      |       |       |       |       |     1 |    20 |       |       |       ||    21
Evoke: Box of beasts     |       |       |       |       |     1 |       |       |       |       ||     1
       Wand              |       |       |       |       |     2 |     7 |     3 |     6 |       ||    18
       Tin of tremorston |       |       |       |       |     1 |     2 |     3 |     4 |       ||    10
       Condenser vane    |       |       |       |       |     1 |     1 |     2 |     1 |       ||     5
       Phial of floods   |       |       |       |       |       |       |       |     2 |       ||     2
  Use: Scroll            |       |     6 |    10 |    12 |    10 |     5 |    17 |     8 |     2 ||    70
       Potion            |       |       |     2 |     2 |     3 |       |     8 |     5 |     1 ||    21
 Stab: Paralysed         |       |       |       |       |     2 |       |       |       |       ||     2
       Distracted        |       |       |       |       |       |       |     1 |     1 |       ||     2
Armor: Animal skin       |    17 |       |       |       |       |       |       |       |       ||    17
       Ring mail         |       |    14 |       |       |       |       |       |       |       ||    14
       Scale mail        |       |    46 |    24 |   106 |    97 |       |       |       |       ||   273
       Chain mail        |       |       |   225 |       |       |       |       |       |       ||   225
       Acid dragon scale |       |       |    33 |   152 |       |       |       |       |       ||   185
       Skin              |       |       |     5 |     1 |       |       |       |       |       ||     6
       Plate armour      |       |       |       |       |   310 |   417 |       |       |       ||   727
       Crystal plate arm |       |       |       |       |       |   310 |   685 |   628 |    61 ||  1684
Dodge: Dodged            |    79 |   106 |   358 |   375 |   473 |   701 |   449 |   630 |    56 ||  3227
       Repelled          |       |       |       |       |     1 |    21 |    11 |       |       ||    33
Block: Other             |       |       |       |       |       |       |   118 |   216 |    15 ||   349
       Reflection        |       |       |       |       |       |       |     6 |    31 |       ||    37
       Rpst.: Falchion   |    29 |    36 |    12 |       |       |       |       |       |       ||    77
       Long sword        |       |       |    82 |    77 |       |       |       |       |       ||   159
       Scimitar          |       |       |       |    16 |       |       |       |       |       ||    16
       Double sword      |       |       |       |    10 |    99 |   120 |    72 |   125 |     6 ||   432
       Demon blade       |       |       |       |       |       |       |    11 |     6 |       ||    17

Table legend: (Time is in decaauts)
 A = Elapsed time spent in this place.
 B = Non-inter-level travel time spent in this place.
 C = Inter-level travel time spent in this place.
 D = Time resting spent in this place.
 E = Time spent auto-exploring this place.
 F = Levels seen in this place.
 G = Mean time per level.
                   A        B        C        D        E       F      G
               +--------+--------+--------+--------+--------+-----+--------+
         Total |  60931 |  56822 |   4109 |   5008 |  38258 |  45 | 1354.0 |
       Dungeon |  20328 |  18917 |   1411 |   1318 |  13630 |  15 | 1355.2 |
          Lair |   7500 |   6587 |    913 |    126 |   5111 |   6 | 1250.0 |
        Shoals |   5682 |   5151 |    531 |    186 |   3455 |   4 | 1420.5 |
     Snake Pit |   7926 |   7500 |    426 |    281 |   5681 |   4 | 1981.5 |
  Orcish Mines |   2347 |   2057 |    290 |    267 |   1212 |   2 | 1173.5 |
   Elven Halls |   5295 |   4985 |    310 |    602 |   2942 |   3 | 1765.0 |
        Vaults |   8834 |   8608 |    226 |   1471 |   5347 |   5 | 1766.8 |
         Abyss |    349 |    349 |      0 |      0 |      0 |   1 |  349.0 |
       Ossuary |    414 |    414 |      0 |    176 |    105 |   1 |  414.0 |
        Bailey |    432 |    432 |      0 |    144 |    146 |   1 |  432.0 |
      Ice Cave |    575 |    575 |      0 |     59 |    212 |   1 |  575.0 |
       Volcano |    625 |    625 |      0 |    342 |     31 |   1 |  625.0 |
      Gauntlet |    618 |    618 |      0 |     34 |    384 |   1 |  618.0 |
               +--------+--------+--------+--------+--------+-----+--------+

Top non-repeatable levels by time:
 Snake:3: 2722 daAuts
Vaults:4: 2421 daAuts
   Elf:2: 2156 daAuts
 Snake:4: 2118 daAuts
   Elf:3: 1935 daAuts
Vaults:2: 1922 daAuts
Vaults:1: 1899 daAuts
Shoals:4: 1816 daAuts
Shoals:3: 1805 daAuts
Vaults:3: 1802 daAuts
    D:10: 1794 daAuts
    D:12: 1793 daAuts
 Snake:1: 1750 daAuts
  Lair:6: 1743 daAuts
    D:13: 1693 daAuts
